 Dungeon Crawl Stone Soup version 0.17-a0-1178-g93bc3a6 (webtiles) character file.

158 talyn the Slasher (level 5, -1/45 HPs)
             Began as a Draconian Berserker on May 31, 2015.
             Was a Priest of Trog.
             Slain by an orc priest (3 damage)
             ... on level 4 of the Dungeon.
             The game lasted 00:07:24 (3107 turns).

talyn the Slasher (Draconian Berserker)             Turns: 3107, Time: 00:07:24

Health: -1/45      AC:  6    Str: 16    XL:     5   Next: 16%
Magic:  5/5        EV:  9    Int:  8    God:    Trog [***...]
Gold:   170        SH:  7    Dex: 11    Spells: 0 memorised, 4 levels left

rFire  . . .     SeeInvis .     a - +0 falchion
rCold  . . .     Clarity  .     (armour unavailable)
rNeg   . . .     SustAt   .     h - +0 shield
rPois  .         Gourm    .     (helmet restricted)
rElec  .         Spirit   .     (no cloak)
rCorr  .         Warding  .     g - +0 pair of gloves
rMut   .         Stasis   .     (no boots)
MR     .....                    (no amulet)
Stlth  +.........               l - -3 ring of strength (curse)
                                b - ring of flight

@: lethally poisoned (-1 -> -2), not resistant to hostile enchantments, very
unstealthy
A: unfitting armour, cold-blooded, AC +5
a: Burn Spellbooks, Berserk, Trog's Hand, Renounce Religion, Evoke Flight


You were on level 4 of the Dungeon.
You worshipped Trog.
Trog was most pleased with you.
You were not hungry.

You visited 1 branch of the dungeon, and saw 4 of its levels.

You collected 170 gold pieces.

Inventory:

Hand weapons
 a - a +0 falchion (weapon)
Armour
 g - a +0 pair of gloves (worn)
 h - a +0 shield (worn)
Jewellery
 b - a ring of flight (left hand)
 l - a cursed -3 ring of strength (right hand)
Scrolls
 c - 2 scrolls of teleportation
Potions
 d - a potion of might
 e - a potion of agility {unknown}
 f - a potion of heal wounds {unknown}
 k - a potion of brilliance {unknown}
Comestibles
 i - a bread ration
 j - 3 fruits
 m - a beef jerky


   Skills:
 - Level 3.2 Fighting
 + Level 5.9 Long Blades
 - Level 2.6 Dodging


You had 4 spell levels left.
You didn't know any spells.

Dungeon Overview and Level Annotations

Branches:
Dungeon (4/15)
 Temple: D:4-7

Altars:
Ashenzari
Fedhas
Gozag
Nemelex Xobeh


Innate Abilities, Weirdness & Mutations

Your plain brown scales are hard (AC +5).
Your body does not fit into most forms of armour.
You are cold-blooded and may be slowed by cold attacks.


Message History

You miss the adder.
The adder is severely wounded.
The adder barely misses you. The adder bites you but does no damage.
You miss the adder.
The adder is severely wounded.
The adder barely misses you.
You closely miss the adder.
The adder is severely wounded.
You feel sick. The adder closely misses you.
You slash the adder!
You kill the adder!
Trog accepts your kill.
You completely miss the orc priest.
The orc priest calls down the wrath of Beogh upon you.
Pain shoots through your body!
* * * LOW HITPOINT WARNING * * *
You barely miss the orc priest.
The orc priest hits you but does no damage.
The orc priest hits you.
You die...

..# #.## #..
...### ##.#....
. #..##..#
#)..####.# #.)##
....ooo@.####..#
###..o###....<.#
#.. #..####.# #.
#.[## .# #. #.#
.. # #. ... ..
.#.# .# ##.. #.
#..


You could see an orc priest and 3 orcs.

Vanquished Creatures
  Jessica (D:3)
  4 adders
  A gnoll (D:1)
  2 oozes
  2 worms (D:2)
  3 giant geckos
  An orc (D:4)
  A ball python (D:1)
  2 giant cockroaches
  3 goblins
  13 hobgoblins
  3 quokkas
  8 bats
  6 giant newts
  10 kobolds
  7 rats
  A bush (D:1)
  A plant (D:1)
69 creatures vanquished.

Notes
Turn   | Place    | Note
--------------------------------------------------------------
     0 | D:1      | talyn the Draconian Berserker began the quest for the Orb.
     0 | D:1      | Reached XP level 1. HP: 19/19 MP: 1/1
    58 | D:1      | Reached XP level 2. HP: 21/26 MP: 2/2
   452 | D:1      | Reached skill level 4 in Long Blades
   452 | D:1      | Reached XP level 3. HP: 31/31 MP: 3/3
   921 | D:1      | Acquired Trog's second power
   954 | D:2      | Found a blossoming altar of Fedhas.
  1449 | D:2      | Reached XP level 4. HP: 38/38 MP: 4/4
  1501 | D:2      | Reached skill level 5 in Long Blades
  1632 | D:2      | Found a shattered altar of Ashenzari.
  1815 | D:2      | Found an opulent altar of Gozag.
  2572 | D:3      | Found a sparkling altar of Nemelex Xobeh.
  2704 | D:3      | Noticed Jessica
  2712 | D:3      | Killed Jessica
  2712 | D:3      | Reached XP level 5. HP: 43/45 MP: 5/5
  3106 | D:4      | HP: 2/45 [orc priest/nerve-wracking pain (14)]
  3107 | D:4      | Slain by an orc priest

Vault maps used:
D:1:      mrwooster_arrival_statue_3, serial_forest,
          infiniplex_forest_straight_2, infiniplex_forest_lined_corner,
          infiniplex_forest_zigzag_1, infiniplex_forest_end_1,
          infiniplex_forest_join, infiniplex_forest_lined_room_2
D:2:      minmay_kobold_bridge, fedhas_altar_1, nicolae_ashenzari_panopticon,
          grunt_gozag_breadcrumbs
D:3:      nicolae_overflow_hidden_temple, first_bread, kennysheep_jessica_study
D:4:      kennysheep_mini, nicolae_ossuary_entry_ruins, uniq_robin

Action                   |  1- 3 |  4- 6 || total
-------------------------+-------+-------++-------
Melee: Falchion          |   265 |   121 ||   386
Invok: Berserk           |     2 |       ||     2
       Burn Spellbooks   |       |     1 ||     1
  Use: Scroll            |     3 |     7 ||    10
 Stab: Sleeping          |       |     1 ||     1
  Eat: Bread ration      |     1 |       ||     1
       Meat ration       |       |     1 ||     1
